 Dungeon Crawl Stone Soup version 0.19-a0-1170-g18f0c96 (webtiles) character file.

54 jacquesderrida the Cudgeler (level 3, -8/30 HPs)
             Began as a Minotaur Warper on Aug 18, 2016.
             Killed by nerve-wracking pain
             ... invoked by an orc priest
              (12 damage)
             ... on level 3 of the Dungeon.
             The game lasted 00:02:24 (536 turns).

jacquesderrida the Cudgeler (Minotaur Warper)        Turns: 536, Time: 00:02:25

Health: -8/30      AC:  5    Str: 15    XL:     3   Next: 66%
Magic:  4/4        EV: 11    Int: 10    God:
Gold:   74         SH:  0    Dex: 10    Spells: 1 memorised, 3 levels left

rFire  . . .     SeeInvis .     t - +0 flail (drain)
rCold  . . .     Gourm    .     h - +0 ring mail
rNeg   . . .     Faith    .     (no shield)
rPois  .         Spirit   .     (helmet restricted)
rElec  .         Dismiss  .     (no cloak)
rCorr  .         Reflect  .     (no gloves)
MR     .....     Harm     .     (no boots)
Stlth  ..........               (no amulet)
                                (no ring)
                                (no ring)

@: no status effects
A: retaliatory headbutt, horns 2
a: no special abilities


You were on level 3 of the Dungeon.
You were not hungry.

You visited 1 branch of the dungeon, and saw 4 of its levels.

You collected 74 gold pieces.

Inventory:

Hand Weapons
 a - a +0 mace
 t - a +0 flail of draining (weapon)
Missiles
 e - 5 tomahawks of dispersal (quivered)
Armour
 b - a +0 leather armour
 h - a +0 ring mail (worn)
Jewellery
 k - an uncursed amulet of dismissal
Wands
 r - a wand of flame (15/48)
Scrolls
 d - a scroll of blinking
 m - 2 scrolls of identify {unknown}
 o - 4 scrolls of remove curse {unknown}
 q - 2 scrolls of magic mapping {unknown}
 s - a scroll of teleportation {unknown}
Potions
 i - a potion of haste {unknown}
 j - a potion of flight {unknown}
 l - 2 potions of curing {unknown}
 p - a potion of heal wounds {unknown}
Books
 c - a book of Spatial Translocations

   Spells                             Type                      Level
   a - Apportation                    Translocation                1
   b - Blink                          Translocation                2
   c - Shroud of Golubria             Charms/Translocation         2
   d - Portal Projectile              Translocation                3
   e - Teleport Other                 Translocation                3
   f - Passage of Golubria            Translocation                4
Comestibles
 f - 2 bread rations
 g - 5 fruits
 n - a slice of pizza


   Skills:
 - Level 2.4 Fighting
 + Level 4.9 Maces & Flails
 - Level 1.0 Throwing
 - Level 1.2 Armour
 - Level 2.1 Dodging
 - Level 1.3 Spellcasting
 - Level 2.1 Translocations


You had 3 spell levels left.
You knew the following spells:

 Your Spells              Type           Power        Failure   Level  Hunger
a - Apportation           Tloc           #.........   28%         1    ##.....


Dungeon Overview and Level Annotations

Branches:
Dungeon (4/15)
 Temple: D:4-7

Altars:

Annotations:
D:4 jacquesderrida's ghost, amateur MiWr


Innate Abilities, Weirdness & Mutations

You reflexively headbutt those who attack you in melee.
You have a pair of horns on your head.


Message History

The hobgoblin barely misses you.
You hit the hobgoblin but do no damage. You drain the hobgoblin!
The hobgoblin is moderately wounded.
The hobgoblin hits you but does no damage.
You sock the hobgoblin!
You kill the hobgoblin!
You sock the orc!
You kill the orc!
You hit the dart slug. You drain the dart slug! You headbutt the dart slug.
You kill the dart slug!
The orc priest calls down the wrath of Beogh upon you.
Beogh smites you!
The orc priest invokes the aid of Beogh against you.
Pain shoots through your body!
* * * LOW HITPOINT WARNING * * *
Things that are here:
a flail; a dart slug corpse The orc priest mumbles some strange prayers to Beogh against you.
Pain shoots through your body!
You die...

....<.>..........r#####
...........##...o## ##
.........†..#...## .. .
...#.##.###......##.....
..##.##.# ##...#..#.....
####..#.# ##...........
##.#.# #.#..o....%. ...#
#..##.#...... ....
#..###@#...... ..#
#.##.)........
#....#........
.......$)........
.....!....#[..###
................
..$..[......#..#.
............##..
............# #.


You could see an orc priest.

Vanquished Creatures
  An adder (D:2)
  A worm (D:2)
  2 dart slugs
  5 orcs
  A giant cockroach (D:4)
  3 goblins
  4 hobgoblins
  2 jackals (D:1)
  4 bats (D:1)
  A giant newt (D:1)
  6 kobolds
  2 rats (D:1)
32 creatures vanquished.

Notes
Turn   | Place    | Note
-------+----------+-------------------------------------------
     0 | D:1      | jacquesderrida the Minotaur Warper began the quest for the Orb.
     0 | D:1      | Reached XP level 1. HP: 18/18 MP: 1/1
    12 | D:1      | Reached skill level 3 in Maces & Flails
    75 | D:1      | Reached XP level 2. HP: 25/25 MP: 3/3
   251 | D:2      | Reached skill level 4 in Maces & Flails
   251 | D:2      | Reached XP level 3. HP: 30/30 MP: 4/4
   491 | D:4      | Noticed jacquesderrida's ghost (amateur MiWr)
   536 | D:3      | Killed from afar by an orc priest

Vault maps used:
D:1:      dpeg_arrival_orchard
D:2:      minmay_roachtagon, first_bread, st_stairs_12
D:4:      kennysheep_mini, okawaru_ov_weapons_minmay

Skill      XL: |  1  2 |
---------------+-------+-----
Maces & Flails | 3 4 |  4.9
Fighting       | |  2.4
Throwing       | |  1.0
Armour         | |  1.2
Dodging        | |  2.1
Spellcasting   | |  1.3
Translocations | |  2.1

Action                   || total
-------------------------++-------
Melee: Mace              ||    43
       Headbutt          ||     8
       Flail             ||     7
Armor: Leather armour    ||     2
       Ring mail         ||    21
Dodge: Dodged            ||    36
